 Dungeon Crawl Stone Soup version 0.22-a0-815-gb582571 (webtiles) character file.

68 iamserjio the Gusty (level 4, -1/24 HPs)
             Began as a Tengu Air Elementalist on July 23, 2018.
             Slain by Sigmund
             ... wielding a +0 scythe
              (11 damage)
             ... on level 2 of the Dungeon.
             The game lasted 00:05:14 (679 turns).

iamserjio the Gusty (Tengu Air Elementalist)         Turns: 679, Time: 00:05:15

Health: -1/24      AC:  2    Str:  8    XL:     4   Next: 19%
Magic:  5/8        EV: 13    Int: 17    God:
Gold:   54         SH:  0    Dex: 14    Spells: 4/8 levels left

rFire    . . .     SeeInvis .   b - +1 dagger (venom)
rCold    . . .     Gourm    .   (no shield)
rNeg     . . .     Faith    .   a - +0 robe
rPois    .         Spirit   .   (helmet restricted)
rElec    .         Reflect  .   (no cloak)
rCorr    .         Harm     .   (no gloves)
MR       .....                  (boots unavailable)
Stlth    ++........             (no amulet)
HPRegen  0.08/turn              (no ring)
MPRegen  0.11/turn              (no ring)

@: no status effects
A: beak, talons 3
a: no special abilities


You were on level 2 of the Dungeon.
You were not hungry.

You visited 1 branch of the dungeon, and saw 2 of its levels.

You collected 54 gold pieces.

Inventory:

Hand Weapons
 b - a +1 dagger of venom (weapon)
Missiles
 k - 10 stones (quivered)
 n - 4 arrows
Armour
 a - a +0 robe (worn)
Scrolls
 e - 2 scrolls of identify {unknown}
 f - a scroll of enchant weapon {unknown}
 g - a scroll of enchant armour {unknown}
 j - a scroll of immolation {unknown}
 l - a scroll of blinking {unknown}
Potions
 h - a potion of heal wounds
 i - a potion of haste
Comestibles
 c - 5 rations
 m - 4 chunks of flesh


   Skills:
 + Level 3.0 Dodging
 - Level 2.0 Stealth
 + Level 2.6 Spellcasting
 * Level 3.8 Conjurations
 - Level 4.0 Air Magic


You had 4 spell levels left.
You knew the following spells:

 Your Spells              Type           Power        Failure   Level  Hunger
a - Shock                 Conj/Air       ###.         3%          1    #......
b - Static Discharge      Conj/Air       ###.....     11%         3    ###....

Your spell library contained the following spells:

 Spells                   Type           Power        Failure   Level  Hunger
 Lightning Bolt           Conj/Air       ###.......   71%         5    ######.
 Swiftness                Chrm/Air       #.......     12%         2    ##.....
 Airstrike                Air            ###.......   34%         4    #####..


Dungeon Overview and Level Annotations

Branches:
Dungeon (2/15)

Altars:

Annotations:
D:2 Sigmund


Innate Abilities, Weirdness & Mutations

You have a beak for a mouth.
You have claws for feet.


Message History

There is a stone staircase leading up here.
You climb upwards.
There is a stone staircase leading down here.
You feel yourself slow down.
There is a stone staircase leading down here.
You climb downwards.
There is a stone staircase leading up here.
You now have 54 gold pieces (gained 15).
There is a stone staircase leading up here.
A bat comes into view.
A bat is nearby!
You are too injured to fight recklessly!
You are too injured to fight recklessly!
Sigmund the Dreaded comes into view.
He is wielding a scythe.
The helpless Sigmund fails to defend himself.
You puncture Sigmund!
Sigmund is poisoned.
Your kick misses Sigmund.
Sigmund is moderately wounded.
You feel a little less agile now. Sigmund hits you with a scythe!
You die...

.^ .# ... #.
### ..# #.
#.. ...# #.
#.###....##
#.
#..........
#. #.
#..#####.##
#.#@##<.##
####..@#...#
#....b.....#
#.....$#...#
...(....#.###
##.####.#.#
#. ..).. #
...#. #... .#
... ##


You could see Sigmund and a bat (sleeping).

Vanquished Creatures
  Natasha (D:2)
  An adder (D:2)
  2 oozes (D:1)
  A leopard gecko (D:1)
  4 hobgoblins
  5 kobolds
  A ball python (D:1)
  2 bats (D:1)
  2 frilled lizards (D:1)
  4 goblins
  3 rats (D:1)
26 creatures vanquished.

Notes
Turn   | Place    | Note
-------+----------+-------------------------------------------
     0 | D:1      | iamserjio the Tengu Air Elementalist began the quest for the Orb.
     0 | D:1      | Reached XP level 1. HP: 10/10 MP: 4/4
   100 | D:1      | Reached XP level 2. HP: 15/15 MP: 4/6
   324 | D:1      | Reached XP level 3. HP: 19/19 MP: 7/7
   559 | D:2      | Learned a level 3 spell: Static Discharge
   619 | D:2      | Noticed Natasha
   632 | D:2      | Killed Natasha
   632 | D:2      | Reached XP level 4. HP: 6/24 MP: 0/8
   677 | D:2      | Noticed Sigmund
   679 | D:2      | Slain by Sigmund

Vault maps used:
D:1:      ncdulo_smallfort
D:2:      first_ration, minmay_misc_feat_more_columns, minmay_cut_off,
          uniq_natasha, uniq_sigmund

Skill      XL: |  1  2  3 |
---------------+----------+-----
Conjurations   | 2 3 |  3.8
Dodging        | 3 |  3.0
Stealth        | |  2.0
Spellcasting   | |  2.6
Air Magic      | |  4.0

Action                   |  1- 3 |  4- 6 || total
-------------------------+-------+-------++-------
Melee: Dagger            |    37 |     1 ||    38
       Kick              |     3 |       ||     3
       Peck              |     2 |       ||     2
 Cast: Shock             |    27 |       ||    27
       Static Discharge  |     1 |       ||     1
  Use: Potion            |     3 |       ||     3
 Stab: Sleeping          |     4 |     1 ||     5
Armor: Robe              |     3 |       ||     3
Dodge: Dodged            |    15 |       ||    15

Table legend:
 A = Spawn XP
 B = Non-spawn XP
 C = Spawn XP percentage of total XP
 D = Spawn monster count
 E = Non-spawn monster count
 F = Spawn count percentage of total count
 G = Total turns spent on level
                    A         B        C        D         E        F      G
               +---------+---------+-------+---------+---------+-------+---------
         Total |       0 |      98 |   0.0 |       0 |      26 |   0.0 |   679
               +---------+---------+-------+---------+---------+-------+---------
           D:1 |       0 |      45 |   0.0 |       0 |      21 |   0.0 |   565
           D:2 |       0 |      53 |   0.0 |       0 |       5 |   0.0 |   114
               +---------+---------+-------+---------+---------+-------+---------
